 Dungeon Crawl Stone Soup version 0.19-a0-965-g50bf062 (webtiles) character file.

168 Gottschkopf the Magician (level 5, -11/28 HPs)
             Began as a Deep Elf Ice Elementalist on July 12, 2016.
             Mangled by an ogre
             ... wielding a +0 giant club
              (33 damage)
             ... on level 4 of the Dungeon.
             The game lasted 00:05:36 (2202 turns).

Gottschkopf the Magician (DEIE)                     Turns: 2202, Time: 00:05:36

Health: -11/28     AC:  9    Str:  5    XL:     5   Next: 23%
Magic:  12/15      EV: 13    Int: 21    God:
Gold:   87         SH:  0    Dex: 15    Spells: 4 memorised, 5 levels left

rFire  . . .     SeeInvis .     d - +0 dagger
rCold  . . .     Gourm    .     a - +0 robe
rNeg   . . .     Faith    .     (no shield)
rPois  .         Spirit   .     k - +0 helmet
rElec  .         Dismiss  .     (no cloak)
rCorr  .         Reflect  .     (no gloves)
SustAt .         Harm     .     (no boots)
MR     .....                    (no amulet)
Stlth  ++........               (no ring)
                                (no ring)

@: lethally poisoned (-11 -> -23), icy armour, slow, not resistant to hostile
enchantments, unstealthy
A: no striking features
a: no special abilities


You were on level 4 of the Dungeon.
You were not hungry.

You visited 1 branch of the dungeon, and saw 4 of its levels.

You collected 87 gold pieces.

Inventory:

Hand Weapons
 d - a +0 dagger (weapon)
Armour
 a - a +0 robe (worn)
 k - a +0 helmet (worn)
Scrolls
 e - 2 scrolls of recharging {unknown}
 j - a scroll of noise {unknown}
 m - 2 scrolls of enchant weapon {unknown}
 p - 2 scrolls of teleportation {unknown}
 q - 3 scrolls of identify {unknown}
 r - a scroll of magic mapping {unknown}
Potions
 g - a potion of cure mutation {unknown}
 h - a potion of agility {unknown}
 i - a potion of flight {unknown}
 n - 2 potions of lignification {unknown}
 o - a potion of curing {unknown}
 s - 2 potions of beneficial mutation {unknown}
Books
 b - a book of Frost

   Spells                             Type                      Level
   a - Freeze                         Ice                          1
   b - Throw Frost                    Conjuration/Ice              2
   c - Ozocubu's Armour               Charms/Ice                   3
   d - Throw Icicle                   Conjuration/Ice              4
   e - Summon Ice Beast               Ice/Summoning                4
Comestibles
 c - 3 bread rations
 f - 3 chunks of flesh
 l - 3 meat rations
 t - a slice of pizza


   Skills:
 - Level 2.4 Dodging
 - Level 2.4 Stealth
 - Level 5.9 Spellcasting
 + Level 2.2 Conjurations
 - Level 3.7 Charms
 - Level 3.2 Ice Magic


You had 5 spell levels left.
You knew the following spells:

 Your Spells              Type           Power        Failure   Level  Hunger
a - Freeze                Ice            ###.         2%          1    None
b - Throw Frost           Conj/Ice       ###...       6%          2    None
c - Ozocubu's Armour      Chrm/Ice       ###.....     10%         3    ##.....
d - Throw Icicle          Conj/Ice       ###.....     34%         4    ####...


Dungeon Overview and Level Annotations

Branches:
Dungeon (4/15)
 Temple: D:4-7

Altars:


Message History

Press: ? - help, Shift-Dir - straight line, f - rat
Aim: a rat You freeze the rat.
You kill the rat!
You see here a rat corpse.
You butcher the rat corpse.
f - 3 chunks of flesh (gained 1)
There is an escape hatch in the floor here.
There is a stone staircase leading down here.
You climb downwards.
A scorpion and an ogre come into view.
The ogre shouts!
There is a stone staircase leading up here.
Casting: Freeze
Confirm with . or Enter, or press ? or * to list all spells.
A film of ice covers your body! The scorpion stings you.
You are poisoned.
The scorpion poisons you! The ogre hits you with a giant club!!
Ouch! That really hurt!
You die...

## #.
#s##
#.@#
#..O..#
##.##.#
#.. #
###


You could see an ogre and a scorpion.

Vanquished Creatures
  9 adders
  An ooze (D:3)
  A worm (D:2)
  2 dart slugs
  5 giant geckos (D:3)
  An orc (D:3)
  3 giant cockroaches
  13 goblins
  14 hobgoblins
  3 kobolds
  A quokka (D:3)
  A ball python (D:2)
  3 bats
  5 giant newts
  7 rats
69 creatures vanquished.

Notes
Turn   | Place    | Note
-------+----------+-------------------------------------------
     0 | D:1      | Gottschkopf the Deep Elf Ice Elementalist began the quest for the Orb.
     0 | D:1      | Reached XP level 1. HP: 10/10 MP: 6/6
   138 | D:1      | Reached XP level 2. HP: 15/15 MP: 6/8
   139 | D:1      | Reached skill level 4 in Spellcasting
   146 | D:1      | Learned a level 2 spell: Throw Frost
   227 | D:1      | You fall through a shaft!
   385 | D:2      | Reached XP level 3. HP: 15/19 MP: 6/11
   386 | D:2      | Found a faded altar of an unknown god.
   453 | D:2      | Reached skill level 5 in Spellcasting
   897 | D:2      | Reached XP level 4. HP: 24/24 MP: 13/13
   927 | D:2      | Learned a level 3 spell: Ozocubu's Armour
   932 | D:2      | Learned a level 4 spell: Throw Icicle
   966 | D:2      | Reached skill level 1 in Charms
  1696 | D:3      | Reached XP level 5. HP: 22/28 MP: 4/15
  2201 | D:4      | Noticed an ogre
  2202 | D:4      | Mangled by an ogre

Vault maps used:
D:1:      minmay_arrival_split_and_join
D:2:      first_bread, ecumenical_altar_2
D:3:      kennysheep_potato
D:4:      kennysheep_generic_room_16, uniq_eustachio, uniq_grinder,
          uniq_blork_the_orc

Skill      XL: |  1  2  3  4  5 |
---------------+----------------+-----
Spellcasting   | 4 5 |  5.9
Charms         | 3 |  3.7
Conjurations   | 2 |  2.2
Dodging        | |  2.4
Stealth        | |  2.4
Ice Magic      | |  3.2

Action                   |  1- 3 |  4- 6 || total
-------------------------+-------+-------++-------
Melee: Dagger            |     9 |    16 ||    25
 Cast: Freeze            |    47 |    45 ||    92
       Throw Frost       |       |     2 ||     2
       Ozocubu's Armour  |       |     3 ||     3
 Stab: Sleeping          |     1 |     5 ||     6
  Eat: Chunk             |       |     4 ||     4
Armor: Robe              |     8 |     9 ||    17
Dodge: Dodged            |    29 |    35 ||    64
